 Dungeon Crawl Stone Soup version 0.19.5 (webtiles) character file.

6552 JeffiDaFish the Blocker (level 11, 0/66 HPs)
             Began as a Gargoyle Fighter on Apr 12, 2017.
             Was a Priest of Okawaru.
             Slain by an orc warrior
             ... wielding a +3 scimitar
              (6 damage)
             ... on level 9 of the Dungeon.
             The game lasted 00:18:09 (7439 turns).

JeffiDaFish the Blocker (Gargoyle Fighter)          Turns: 7439, Time: 00:18:10

Health: 0/66       AC: 34    Str: 19    XL:     11   Next: 1%
Magic:  9/9        EV:  5    Int: 10    God:    Okawaru [***...]
Gold:   214        SH: 18    Dex: 10    Spells: 0 memorised, 10 levels left

rFire  . . .     SeeInvis .     k - +1 flail (protect)
rCold  . . .     Gourm    .     u - +0 plate armour
rNeg   + . .     Faith    .     m - +1 large shield
rPois  ∞         Spirit   .     j - +0 helmet
rElec  +         Reflect  .     r - +0 cloak
rCorr  .         Harm     .     g - +0 pair of gloves
MR     .....                    i - +2 pair of boots
Stlth  ..........               (no amulet)
                                (no ring)
                                (no ring)

@: protection aura, slowed, studying Crossbows, very slow
A: clumsy 1, low mp 1, negative energy resistance 1, screaming 1, electricity
resistance, unbreathing, petrification resistance, rot immunity, sturdy frame 1,
AC +7
a: Heroism, Renounce Religion


You were on level 9 of the Dungeon.
You worshipped Okawaru.
Okawaru was most pleased with you.
You were not hungry.

You visited 2 branches of the dungeon, and saw 10 of its levels.

You collected 589 gold pieces.
You spent 375 gold pieces at shops.

Inventory:

Hand Weapons
 a - a +0 morningstar of holy wrath
 k - a +1 flail of protection (weapon)
Armour
 g - a +0 pair of gloves (worn)
 i - a +2 pair of boots (worn)
 j - a +0 helmet (worn)
 m - a +1 large shield (worn)
 r - a +0 cloak (worn)
 u - a +0 plate armour (worn)
Scrolls
 l - 6 scrolls of remove curse
 n - 6 scrolls of identify
Potions
 c - 2 potions of curing
 d - a potion of might
 o - 2 potions of ambrosia
 q - a potion of invisibility
 w - 2 potions of beneficial mutation
 x - a potion of haste
Books
 e - a manual of Crossbows
Comestibles
 b - 6 meat rations
 f - 7 bread rations
 h - 10 slices of pizza
 p - 2 fruits
 s - a royal jelly
 t - 2 beef jerkies


   Skills:
 + Level 6.9 Fighting
 + Level 10.2 Maces & Flails
 + Level 6.2 Armour
 + Level 2.1 Dodging
 + Level 0.2 Stealth
 + Level 11.5 Shields


You had 10 spell levels left.
You didn't know any spells.

Dungeon Overview and Level Annotations

Branches:
Dungeon (9/15)             Temple (1/1) D:7
   Lair: D:8-11         Orc: D:9-12

Altars:
Ashenzari
Cheibriados
Dithmenos
Fedhas
Gozag
Hepliaklqana
Kikubaaqudgha
Okawaru
Uskayaw
Yredelemnul
The Shining One

Shops:
D:4 (   D:6 *   D:8 *

Annotations:
D:9 Gastronok


Innate Abilities, Weirdness & Mutations

You are resistant to torment.
Your stone body is resilient. (AC +7)
You are immune to poison.
You resist negative energy. (rN+)
You are resistant to electric shocks. (rElec)
You can survive without breathing.
You are immune to petrification.
You are immune to rotting.
You are clumsy. (Dex -2)
Your magical capacity is low. (-10% MP)
You occasionally shout uncontrollably at your foes.
Your movements are slightly less encumbered by armour. (ER -2)


Message History

You destroy the wight!
Okawaru accepts your kill. You block the necrophage's attack.
The wight hits you from afar with a halberd!
* * * LOW HITPOINT WARNING * * *
The orc warrior hits you with an enchanted scimitar.
* * * LOW HITPOINT WARNING * * *
The centaur zombie hits you.
* * * LOW HITPOINT WARNING * * *
You block the orc's attack. You block the iguana's attack.
The wight hits you with a short sword.
* * * LOW HITPOINT WARNING * * *
Something hits you but does no damage.
The necrophage hits you but does no damage.
You block the orc's attack.
The centaur zombie hits you but does no damage.
The iguana bites you but does no damage.
The wight barely misses you.
The orc warrior hits you with an enchanted scimitar.
You die...

.........
........# ./.
........#####....
.......(#........
.......%........
#.zoo.(.(......
#.oozl.........
.##.wn@{z...#....
#....roZo........
.......r.....#.#
.............#
..........<..#
#........((..#
#...............
##.........#.[.##
#.(...[.........


You could see Gastronok, an orc warrior, a necrophage, an iguana, 3 wights, a
river rat, 5 orcs, a centaur zombie and a quokka.

Vanquished Creatures
  A hydra (D:8)
  Erica (D:8)
  Pikel (D:6)
  The ghost of findtopher the Magician, a novice DsFE of Vehumet (D:6)
  Psyche (D:8)
  Prince Ribbit (D:6)
  Grinder (D:6)
  3 yaks
  2 hogs (D:7)
  A human (D:7)
  The ghost of antigravityiii the Stinger, an amateur DrVM (D:4)
  A hungry ghost (D:8)
  2 sky beasts
  An ice beast (D:7)
  4 ogres
  A necrophage (D:6)
  A phantom (D:6)
  2 centaurs (D:8)
  6 bullfrogs
  3 scorpions
  A wight (D:9)
  A howler monkey (D:4)
  4 crimson imps
  3 hounds
  A jelly (D:6)
  An orc wizard (D:4)
  3 orc priests
  2 bullfrog skeletons
  2 iguanas
  Terence (D:3)
  8 worker ants
  2 hound zombies
  A hound skeleton (D:6)
  Robin (D:3)
  A howler monkey zombie (D:8)
  4 gnolls (D:4)
  8 adders
  2 shadow imps
  An ooze (D:3)
  An adder zombie (D:8)
  5 worms
  4 dart slugs
  4 leopard geckos
  12 orcs
  7 bats
  7 giant cockroaches
  10 goblins (D:3)
  10 hobgoblins
  6 jackals
  4 quokkas
  A ball python (D:1)
  4 frilled lizards
  A jackal skeleton (D:4)
  A jackal zombie (D:8)
  6 kobolds
  9 rats
174 creatures vanquished.

Vanquished Creatures (collateral kills)
  A bullfrog (D:8)
1 creature vanquished.

Vanquished Creatures (others)
  A water moccasin (D:6)
  2 slaves (D:6)
  2 ball pythons (D:6)
  A giant cockroach (D:8)
6 creatures vanquished.

Grand Total: 181 creatures vanquished

Notes
Turn   | Place    | Note
-------+----------+-------------------------------------------
     0 | D:1      | JeffiDaFish the Gargoyle Fighter began the quest for the Orb.
     0 | D:1      | Reached XP level 1. HP: 14/14 MP: 1/1
   125 | D:1      | Reached XP level 2. HP: 19/19 MP: 2/2
   535 | D:1      | Reached XP level 3. HP: 23/23 MP: 3/3
   914 | D:2      | Found an ancient bone altar of Kikubaaqudgha.
  1036 | D:2      | Found a glowing golden altar of the Shining One.
  1109 | D:2      | Reached skill level 4 in Shields
  1158 | D:2      | Reached XP level 4. HP: 29/29 MP: 4/4
  1431 | D:2      | Gained mutation: You are clumsy. (Dex -2) [potion of mutation]
  1431 | D:2      | Gained mutation: Your magical capacity is low. (-10% MP) [potion of mutation]
  1431 | D:2      | Gained mutation: You occasionally shout uncontrollably at your foes. [potion of mutation]
  1920 | D:3      | Noticed Robin
  1975 | D:3      | Reached XP level 5. HP: 13/33 MP: 4/4
  1985 | D:3      | Killed Robin
  2321 | D:3      | Found a snail-covered altar of Cheibriados.
  2363 | D:3      | Noticed Terence
  2376 | D:3      | Killed Terence
  2845 | D:4      | Reached XP level 6. HP: 26/38 MP: 5/5
  2874 | D:4      | Reached skill level 5 in Shields
  3144 | D:4      | Found a shadowy altar of Dithmenos.
  3381 | D:4      | Noticed antigravityiii's ghost (amateur DrVM)
  3408 | D:4      | Reached skill level 1 in Dodging
  3451 | D:4      | Killed antigravityiii's ghost
  3451 | D:4      | Reached skill level 5 in Maces & Flails
  3451 | D:4      | Reached XP level 7. HP: 43/43 MP: 6/6
  3457 | D:4      | Reached skill level 6 in Shields
  3519 | D:4      | Found Vason's Weapon Shop.
  3643 | D:5      | Entered Level 5 of the Dungeon
  3976 | D:5      | Found a shattered altar of Ashenzari.
  4228 | D:5      | Found a hazy altar of Hepliaklqana.
  4340 | D:6      | Noticed Grinder
  4385 | D:6      | Killed Grinder
  4385 | D:6      | Reached skill level 7 in Shields
  4385 | D:6      | Reached XP level 8. HP: 33/48 MP: 7/7
  4685 | D:6      | Noticed findtopher's ghost (novice DsFE)
  4724 | D:6      | Killed findtopher's ghost
  4724 | D:6      | Reached skill level 5 in Fighting
  4724 | D:6      | Reached skill level 8 in Shields
  4965 | D:6      | Reached XP level 9. HP: 54/54 MP: 8/8
  5024 | D:6      | Noticed Prince Ribbit
  5263 | D:6      | Killed Prince Ribbit
  5310 | D:6      | Noticed Pikel
  5338 | D:6      | Killed Pikel
  5338 | D:6      | Reached skill level 9 in Shields
  5527 | D:6      | Found Ozas's Serpentskin Sales.
  5595 | D:7      | Reached skill level 5 in Armour
  5646 | D:7      | Gained mutation: Your movements are slightly less encumbered by armour. (ER -2) [potion of beneficial mutation]
  5667 | D:7      | Found a shadowy altar of Dithmenos.
  5848 | D:7      | Found a staircase to the Ecumenical Temple.
  5858 | Temple   | Entered the Ecumenical Temple
  5864 | Temple   | Became a worshipper of Warmaster Okawaru
  6157 | D:7      | Reached skill level 10 in Shields
  6157 | D:7      | Reached XP level 10. HP: 47/60 MP: 9/9
  6168 | D:7      | Reached * piety under Okawaru
  6377 | D:8      | Found Qugolegu's Assorted Antiques.
  6402 | D:8      | Bought a hardcover manual for 375 gold pieces
  6556 | D:8      | Noticed Erica
  6594 | D:8      | Killed Erica
  6594 | D:8      | Reached ** piety under Okawaru
  6672 | D:8      | Reached skill level 11 in Shields
  6773 | D:8      | Noticed Psyche
  6795 | D:8      | Killed Psyche
  7054 | D:8      | Found a runed door.
  7062 | D:8      | Noticed an eight-headed hydra
  7066 | D:8      | Reached *** piety under Okawaru
  7075 | D:8      | Killed an eight-headed hydra
  7075 | D:8      | Reached skill level 10 in Maces & Flails
  7413 | D:9      | Noticed Gastronok
  7420 | D:9      | Reached XP level 11. HP: 66/66 MP: 9/9
  7439 | D:9      | Slain by an orc warrior

Skill      XL: |  1  2  3  4  5  6  7  8  9 10 |
---------------+-------------------------------+-----
Shields        | 4 5 7 8 10 11 | 11.5
Maces & Flails | 3 4 5 6 7 8 10 | 10.2
Fighting       | 4 5 6 |  6.9
Armour         | 4 5 6 |  6.2
Dodging        | 1 2 |  2.1
Stealth        | |  0.2

Action                   |  1- 3 |  4- 6 |  7- 9 | 10-12 || total
-------------------------+-------+-------+-------+-------++-------
Melee: Flail             |   142 |   351 |   443 |   324 ||  1260
  Use: Scroll            |     3 |     2 |     6 |     5 ||    16
       Potion            |     1 |     4 |     4 |     1 ||    10
  Eat: Chunk             |     1 |     8 |     5 |     8 ||    22
       Bread ration      |       |       |     1 |       ||     1
Armor: Chain mail        |   157 |   245 |   191 |    30 ||   623
       Scale mail        |     1 |       |       |       ||     1
       Skin              |       |     2 |       |       ||     2
       Plate armour      |       |       |       |   223 ||   223
Dodge: Dodged            |    45 |    59 |    50 |    68 ||   222
Block: Shield            |   108 |    61 |       |       ||   169
       Large shield      |       |   206 |   350 |   323 ||   879
